Map: Jagannatha LE

Players

Cham - Winner!

  • Race: Zerg Zerg

Pacomike

  • Race: Protoss Protoss

Event: DreamHack SC2 Masters 2021 Winter

VOD

Have the link to the VOD?

Description

Time

  • Played on: Sept. 29, 2021, 5:35 p.m.
  • Length: 23:42

All games in this series

Show
View Real Time Build Order
Export as new Build Order

Cham Zerg - Winner!

Build Orders: Hatch First, Brood Lord Corruptor 

Get SALT Encoding   

  12  0:00  Drone  
  13  0:07  Drone  
  14  0:17  Overlord  
  14  0:36  Drone x2  
  16  0:47  Hatchery  
  15  0:53  Drone  
  15  0:54  Drone  
  17  0:58  Drone  
  18  1:11  Spawning Pool  
  18  1:14  Extractor  
  18  1:16  Drone  
  17  1:19  Drone  
  18  1:29  Drone  
  19  1:40  Drone  
  20  1:51  Drone  
  21  1:59  Queen x2  
  21  2:00  Zergling x2  
  26  2:02  Zergling x2  
  27  2:15  Overlord  
  27  2:17  Drone  
  28  2:23  Metabolic Boost  
  28  2:35  Drone x3  
  28  2:36  Drone  
  32  2:40  Hatchery  
  31  2:47  Queen  
  31  2:50  Drone  
  34  2:54  Overlord  
  34  3:01  Drone x2  
  36  3:13  Drone x5  
  36  3:16  Queen  
  43  3:21  Overlord  
  43  3:23  Drone  
  44  3:34  Spore Crawler, Overlord  
  44  3:38  Queen  
  44  3:39  Drone  
  44  3:41  Spore Crawler  
  45  3:44  Zergling x6  
  45  3:46  Drone  
  49  3:52  Overlord  
  49  3:53  Drone  
  50  3:56  Drone x3  
  50  4:01  Drone x2  
  50  4:02  Drone  
  56  4:06  Drone  
  57  4:14  Drone x2  
  57  4:15  Drone x3  
  62  4:18  Lair  
  62  4:21  Extractor, Overlord  
  62  4:22  Drone  
  62  4:26  Zergling x4  
  63  4:33  Drone x3  
  63  4:35  Drone  
  63  4:36  Drone x2  
  63  4:37  Overlord  
  69  4:40  Roach Warren  
  69  4:43  Spore Crawler  
  69  4:45  Drone x2  
  69  4:46  Drone  
  69  4:50  Drone  
  69  4:51  Drone x3  
  74  4:56  Extractor, Overlord  
  74  4:58  Drone x2, Extractor  
  74  5:02  Queen  
  74  5:05  Pneumatized Carapace  
  76  5:07  Drone, Overlord  
  76  5:08  Drone  
  76  5:12  Drone x2, Extractor x2  
  78  5:16  Infestation Pit  
  78  5:17  Drone x2  
  78  5:18  Drone  
  80  5:28  Queen  
  80  5:33  Overseer  
  82  5:37  Glial Reconstitution  
  82  5:39  Hatchery  
  82  5:40  Drone x2  
  82  5:41  Evolution Chamber  
  82  5:42  Evolution Chamber  
  81  5:47  Queen  
  81  5:48  Overlord  
  81  5:49  Queen  
  85  5:51  Drone x2  
  85  5:55  Drone x3  
  85  5:57  Drone  
  91  6:02  Drone x2  
  91  6:03  Drone x3  
  96  6:07  Overlord x2  
  96  6:11  Roach x2  
  100  6:13  Roach  
  100  6:15  Roach  
  100  6:16  Roach  
  106  6:24  Overlord  
  106  6:25  Overlord  
  106  6:26  Drone  
  106  6:27  Drone x3  
  106  6:30  Drone  
  106  6:31  Hive  
  111  6:35  Zerg Ground Armor Level 1  
  111  6:37  Zerg Melee Weapons Level 1  
  111  6:41  Baneling Nest  
  111  6:44  Drone  
  111  6:45  Drone x4  
  115  6:47  Extractor  
  115  6:48  Overlord  
  115  6:49  Extractor  
  117  6:54  Roach x3  
  117  6:56  Drone  
  117  7:00  Hatchery  
  119  7:03  Overlord  
  119  7:05  Drone  
  119  7:08  Drone, Spire  
  119  7:09  Drone  
  119  7:13  Drone x5  
  119  7:14  Overlord  
  126  7:19  Drone x3  
  126  7:21  Overlord x2  
  129  7:23  Roach  
  129  7:27  Roach  
  131  7:43  Zergling x18, Hatchery  
  139  7:48  Hatchery  
  139  7:53  Zergling x2  
  139  7:54  Zergling x2  
  141  8:01  Zergling x2  
  141  8:02  Zergling x4  
  143  8:10  Viper x2  
  145  8:16  Viper x2  
  145  8:19  Adrenal Glands  
  149  8:22  Drone  
  149  8:25  Extractor  
  149  8:26  Spore Crawler  
  146  8:27  Extractor  
  146  8:28  Zergling x4  
  144  8:35  Spore Crawler  
  144  8:37  Queen x3  
  144  8:40  Extractor  
  144  8:41  Drone  
  149  8:43  Zergling x2, Spore Crawler  
  149  8:44  Zergling x4, Spore Crawler  
  149  8:47  Zergling x2  
  143  8:57  Drone  
  143  8:58  Drone x2  
  143  9:00  Drone, Queen  
  143  9:01  Spore Crawler  
  137  9:06  Drone x3  
  133  9:11  Spore Crawler  
  133  9:12  Drone x2, Queen  
  133  9:13  Drone, Spore Crawler x2  
  135  9:18  Zerg Melee Weapons Level 2, Zerg Ground Armor Level 2  
  135  9:20  Greater Spire  
  135  9:23  Roach x3  
  141  9:36  Zergling x14  
  144  9:48  Corruptor x4  
  144  9:49  Hatchery  
  149  9:54  Zergling x4  
  149  9:55  Zergling x2  
  150  10:00  Corruptor  
  150  10:03  Drone x6  
  157  10:11  Drone x2  
  157  10:12  Spore Crawler  
  157  10:13  Spore Crawler x2  
  157  10:14  Spore Crawler x2  
  155  10:15  Spore Crawler x2  
  155  10:16  Corruptor x2  
  155  10:17  Corruptor x2  
  155  10:19  Pathogen Glands  
  160  10:22  Drone  
  160  10:24  Drone x2  
  160  10:26  Spore Crawler  
  162  10:31  Brood Lord x2  
  162  10:32  Brood Lord x3  
  172  10:39  Infestor x4  
  180  10:46  Corruptor  
  180  10:47  Corruptor  
  184  10:52  Spore Crawler  
  184  10:53  Spore Crawler x2  
  184  10:54  Spore Crawler  
  179  11:17  Corruptor  
  179  11:18  Corruptor x5  
  188  11:20  Drone x2  
  188  11:21  Overlord  
  188  11:24  Zerg Flyer Weapons Level 1  
  189  11:26  Spire  
  188  11:40  Zergling x2  
  188  11:41  Zergling x16  
  188  11:42  Centrifugal Hooks, Overlord  
  188  11:43  Zerg Ground Armor Level 3  
  188  11:44  Zerg Melee Weapons Level 3  
  197  11:53  Ultralisk Cavern  
  196  11:54  Drone  
  196  11:58  Overseer  
  196  11:59  Overseer  
  196  12:01  Baneling x6  
  197  12:04  Spine Crawler  
  197  12:05  Spine Crawler x2  
  197  12:08  Spine Crawler x2  
  193  12:11  Brood Lord x3, Spore Crawler  
  193  12:13  Brood Lord  
  199  12:31  Spore Crawler  
  199  12:32  Spore Crawler  
  197  12:42  Corruptor  
  199  12:52  Baneling  
  199  12:53  Baneling x4  
  199  12:54  Chitinous Plating  
  199  12:56  Overseer, Zerg Flyer Armor Level 1  
  199  12:57  Overseer  
  199  13:03  Overseer  
  197  13:54  Zergling x4  
  195  14:13  Anabolic Synthesis  
  191  14:21  Drone x2, Spore Crawler  
  191  14:22  Drone x2  
  194  14:25  Spore Crawler x2  
  194  14:26  Zergling x16  
  200  14:47  Hatchery  
  189  15:00  Ultralisk x2  
  189  15:01  Zergling x10  
  200  15:07  Zerg Flyer Armor Level 2, Zerg Flyer Weapons Level 2  
  200  15:09  Zerg Missile Weapons Level 1  
  200  15:11  Overseer  
  200  15:19  Baneling  
  200  15:20  Baneling  
  199  15:23  Baneling x6  
  199  15:28  Overlord x3  
  191  16:02  Zergling x18  
  200  16:04  Baneling x3  
  200  16:11  Hatchery  
  199  16:24  Zergling x2  
  199  16:27  Baneling  
  199  16:37  Corruptor x2  
  197  16:48  Corruptor  
  179  17:09  Corruptor  
  179  17:10  Corruptor x8  
  192  17:19  Corruptor  
  192  17:20  Hatchery, Corruptor x2  
  188  17:53  Spore Crawler  
  188  17:55  Drone x5, Spore Crawler x3  
  188  17:56  Spore Crawler x2  
  188  17:57  Drone x6, Spore Crawler  
  188  17:58  Drone, Spore Crawler  
  192  18:10  Extractor  
  191  18:14  Extractor  
  191  18:16  Ultralisk, Zergling x6  
  199  18:26  Zerg Missile Weapons Level 2, Zerg Flyer Weapons Level 3  
  199  18:27  Zerg Flyer Armor Level 3  
  199  18:37  Spore Crawler  
  199  18:39  Spore Crawler  
  197  18:52  Zergling x6  
  197  18:54  Baneling x6  
  200  19:21  Baneling x6  
  197  19:47  Zergling x6  
  172  20:28  Corruptor x4  
  172  20:29  Corruptor x11  
  176  20:38  Corruptor  
  163  20:44  Corruptor  
  163  20:45  Corruptor x3  
  171  20:52  Corruptor x3  
  171  20:53  Corruptor  
  181  21:04  Corruptor x4  
  171  21:12  Corruptor x3  
  171  21:18  Spore Crawler  
  171  21:19  Spore Crawler x3  
  171  21:20  Corruptor x2, Spore Crawler  
  171  21:24  Spore Crawler  
  171  21:25  Spore Crawler  
  150  21:28  Corruptor x4  
  129  21:56  Ultralisk x3  
  129  21:57  Ultralisk x3  
  159  22:03  Zergling x6  
  152  22:14  Overseer  
  144  22:18  Ultralisk x3  
  144  22:21  Zergling x4  
  164  22:27  Zergling x2  
  165  22:37  Zergling x2  
  165  22:39  Zergling x4  
  143  23:24  Hatchery  
Show
View Real Time Build Order
Export as new Build Order

Pacomike Protoss 

Build Orders: 1 Gate Expand, Carriers 

Get SALT Encoding   

  12  0:00  Probe  
  13  0:12  Probe  
  14  0:19  Pylon  
  14  0:24  Probe (Chrono Boost)  
  15  0:39  Probe (Chrono Boost)  
  15  0:40  Gateway  
  16  0:45  Probe (Chrono Boost)  
  16  0:47  Assimilator  
  17  0:53  Probe  
  18  1:05  Probe  
  19  1:17  Probe  
  20  1:24  Nexus  
  20  1:34  Cybernetics Core  
  20  1:37  Probe  
  21  1:46  Assimilator  
  21  1:49  Probe  
  21  1:53  Pylon  
  22  2:01  Probe  
  23  2:13  Adept, Probe  
  26  2:25  Probe (Chrono Boost)  
  26  2:26  Stargate  
  26  2:32  Warp Gate  
  28  2:37  Probe (Chrono Boost)  
  28  2:38  Probe (Chrono Boost)  
  28  2:43  Adept  
  31  2:45  Probe (Chrono Boost)  
  31  2:46  Probe (Chrono Boost)  
  32  2:52  Probe (Chrono Boost)  
  32  2:53  Probe (Chrono Boost)  
  34  3:01  Void Ray (Chrono Boost)  
  34  3:04  Probe (Chrono Boost)  
  36  3:07  Probe (Chrono Boost)  
  36  3:09  Probe (Chrono Boost)  
  41  3:15  Probe  
  41  3:18  Probe  
  43  3:25  Pylon  
  43  3:27  Probe  
  43  3:30  Probe  
  45  3:35  Nexus  
  45  3:38  Void Ray  
  45  3:39  Probe  
  46  3:46  Probe  
  51  3:52  Assimilator, Shield Battery  
  51  3:56  Probe  
  51  3:57  Assimilator  
  52  4:03  Stargate  
  52  4:06  Pylon  
  52  4:08  Probe  
  53  4:14  Probe  
  54  4:24  Probe  
  55  4:26  Probe  
  55  4:30  Pylon  
  56  4:32  Adept  
  56  4:36  Protoss Air Weapons Level 1, Probe  
  60  4:38  Probe  
  60  4:41  Void Ray  
  60  4:45  Pylon  
  60  4:46  Void Ray  
  60  4:48  Probe  
  60  4:50  Probe  
  70  4:55  Probe (Chrono Boost)  
  71  5:00  Probe (Chrono Boost)  
  71  5:01  Pylon  
  71  5:03  Probe (Chrono Boost)  
  74  5:07  Probe (Chrono Boost)  
  74  5:09  Assimilator  
  74  5:11  Assimilator, Probe (Chrono Boost)  
  74  5:13  Probe (Chrono Boost)  
  76  5:14  Probe (Chrono Boost), Pylon  
  76  5:16  Probe (Chrono Boost)  
  76  5:20  Fleet Beacon, Probe  
  78  5:21  Probe  
  78  5:27  Probe (Chrono Boost)  
  81  5:29  Gateway  
  81  5:34  Probe (Chrono Boost)  
  83  5:37  Probe (Chrono Boost)  
  83  5:38  Void Ray  
  83  5:41  Void Ray  
  84  5:44  Probe (Chrono Boost)  
  84  5:45  Probe (Chrono Boost)  
  84  5:48  Probe (Chrono Boost)  
  94  5:50  Probe (Chrono Boost)  
  94  5:51  Probe (Chrono Boost)  
  94  5:56  Twilight Council  
  96  6:00  Pylon, Forge  
  96  6:01  Pylon  
  96  6:03  Probe x2, Flux Vanes  
  98  6:11  Gateway  
  98  6:15  Gateway  
  98  6:17  Void Ray, Pylon  
  98  6:18  Void Ray  
  106  6:36  Gateway  
  106  6:37  Gateway  
  106  6:38  Photon Cannon  
  106  6:41  Protoss Ground Weapons Level 1 (Chrono Boost)  
  106  6:51  Charge  
  106  6:57  Protoss Air Weapons Level 2 (Chrono Boost)  
  106  7:01  Nexus  
  106  7:04  Pylon  
  106  7:13  Carrier (Chrono Boost)  
  106  7:14  Carrier (Chrono Boost)  
  106  7:21  Stargate  
  118  7:23  Probe x3  
  118  7:25  Photon Cannon, Shield Battery  
  118  7:26  Zealot x2  
  118  7:28  Pylon  
  118  7:40  Probe  
  119  7:48  Zealot  
  119  7:49  Zealot x5  
  131  7:56  Pylon  
  131  7:57  Pylon x2  
  129  8:08  Nexus  
  129  8:09  Pylon  
  129  8:17  Gateway  
  129  8:19  Gateway  
  129  8:22  Templar Archives  
  129  8:29  Photon Cannon  
  129  8:31  Shield Battery  
  129  8:33  Pylon  
  141  8:44  Zealot  
  141  8:45  Zealot x4, Carrier (Chrono Boost)  
  150  8:51  Adept  
  150  8:53  Carrier (Chrono Boost)  
  134  9:05  Psionic Storm, Carrier (Chrono Boost)  
  134  9:09  Protoss Ground Weapons Level 2 (Chrono Boost)  
  134  9:10  Nexus  
  134  9:11  Pylon  
  134  9:18  Zealot x3  
  140  9:27  High Templar x3  
  145  9:40  Carrier  
  145  9:44  Protoss Air Weapons Level 3 (Chrono Boost)  
  145  9:45  Shield Battery  
  151  9:47  Photon Cannon  
  151  9:48  Carrier  
  153  10:00  Probe x3  
  153  10:03  Assimilator  
  154  10:07  Assimilator  
  154  10:09  Pylon x2  
  154  10:10  Pylon  
  154  10:12  Probe  
  155  10:16  High Templar x2  
  159  10:22  Probe  
  159  10:25  Robotics Facility  
  159  10:26  Zealot x4  
  159  10:27  Zealot x2  
  172  10:32  Probe x3  
  172  10:34  Probe  
  176  10:36  Photon Cannon  
  176  10:37  Carrier  
  176  10:44  Probe  
  176  10:49  Zealot, High Templar x2  
  189  10:50  Zealot x3  
  189  10:54  Probe x2  
  193  11:09  Probe  
  194  11:18  Probe  
  195  11:24  High Templar x5  
  197  11:29  Observer (Chrono Boost), Nexus  
  198  11:33  Gateway  
  198  11:34  Gateway  
  198  11:35  Pylon  
  198  11:37  Pylon  
  198  11:38  Archon x2  
  198  11:46  Assimilator  
  198  11:54  Warp Prism  
  200  12:07  Photon Cannon  
  200  12:08  Photon Cannon  
  200  12:10  Photon Cannon  
  200  12:11  Photon Cannon  
  200  12:13  Photon Cannon  
  200  12:15  Shield Battery  
  200  12:16  Pylon  
  200  12:19  Photon Cannon  
  200  12:20  Photon Cannon  
  200  12:21  Stargate, Pylon  
  200  12:23  Stargate, Pylon  
  200  12:41  Assimilator  
  200  12:46  Protoss Shields Level 1 (Chrono Boost)  
  196  13:06  Protoss Air Armor Level 1 (Chrono Boost)  
  196  13:21  Mothership (Chrono Boost)  
  196  13:22  Nexus  
  183  13:52  Zealot x4  
  183  13:53  Zealot x5  
  183  13:54  Zealot  
  189  14:08  Robotics Facility  
  179  14:17  High Templar x5  
  179  14:18  High Templar  
  179  14:19  Zealot  
  179  14:20  Zealot x3  
  179  14:21  Archon x2  
  191  14:24  Archon  
  191  14:34  Protoss Shields Level 2 (Chrono Boost)  
  191  14:40  Robotics Bay  
  191  14:44  Carrier  
  197  14:51  Pylon  
  193  14:57  Carrier  
  197  15:02  Zealot x6  
  197  15:03  Zealot  
  199  15:10  Nexus  
  199  15:21  Photon Cannon  
  199  15:22  Photon Cannon  
  199  15:23  Protoss Air Armor Level 2 (Chrono Boost)  
  199  15:24  Photon Cannon  
  199  15:25  Shield Battery  
  199  15:27  Pylon  
  199  15:29  Shield Battery  
  199  15:33  Stargate  
  199  15:34  Stargate  
  199  15:37  Assimilator  
  199  15:41  Assimilator  
  199  15:45  Pylon  
  193  15:57  High Templar x5  
  175  15:58  High Templar  
  175  15:59  Zealot x4  
  175  16:02  Dark Shrine  
  193  16:05  Archon  
  193  16:06  Archon  
  193  16:20  Zealot x3  
  193  16:21  Zealot  
  200  16:30  Archon  
  200  16:37  Void Ray x3  
  197  16:50  Protoss Ground Weapons Level 3 (Chrono Boost)  
  187  16:55  Mothership  
  165  17:13  High Templar x4  
  165  17:14  High Templar  
  183  17:23  Carrier x2 (Chrono Boost)  
  192  17:43  Carrier x3 (Chrono Boost)  
  192  17:45  Shadow Stride  
  192  17:50  Zealot  
  200  17:52  Carrier x2 (Chrono Boost)  
  200  18:03  Photon Cannon  
  200  18:04  Photon Cannon  
  200  18:05  Shield Battery  
  200  18:07  Pylon  
  198  18:25  Nexus, Disruptor x2  
  196  18:28  Pylon  
  196  18:29  Oracle, Pylon  
  196  18:32  Protoss Air Armor Level 3 (Chrono Boost)  
  196  18:33  Assimilator  
  199  18:35  Assimilator  
  193  18:49  Photon Cannon  
  193  18:51  Photon Cannon  
  193  18:53  Photon Cannon  
  193  18:54  Photon Cannon  
  188  18:56  Shield Battery  
  188  18:58  Photon Cannon  
  188  19:15  Void Ray x4  
  192  19:30  Photon Cannon  
  186  19:41  Protoss Shields Level 3  
  183  20:06  Zealot x7  
  183  20:07  Zealot x3  
  183  20:15  Mothership  
  179  20:32  Void Ray x4  
  175  20:37  Disruptor x2  
  175  20:42  Zealot x6  
  179  21:13  Observer  
  179  21:14  Dark Templar x2  
  179  21:15  Dark Templar x6  
  196  21:38  Void Ray x3  
  157  21:55  Stalker x5  
  157  21:56  Stalker x5  
  141  22:16  Void Ray x3  
  159  22:23  Carrier  
  163  22:39  Archon x2  
  163  22:43  Probe  
  163  22:44  Probe x4  
  162  22:55  Probe  
  162  22:56  Probe x3  
  143  23:05  High Templar x5  
  105  23:36  Zealot x4  

Tags
 
Add a new tag
Caveats
  • Supply blocks, unpowered buildings, or Contaminate may cause inaccurate times.
  • Supply counts are checked every 10 seconds.